 Dungeon Crawl Stone Soup version 0.30-a0-862-g1aabd4f9c5 (webtiles) character file.

Game seed: 7538344915192420354

1511581 ragingrage the Slayer (level 26, 222/222 HPs)
             Began as a Mummy Warper on Mar 8, 2023.
             Was a High Priest of Okawaru.
             Escaped with the Orb
             ... and 3 runes!
             The game lasted 02:35:38 (86267 turns).

ragingrage the Slayer (Mummy Warper)               Turns: 86267, Time: 02:35:38

Health: 222/222    AC: 47    Str: 29 (31) XL:     26   Next: 44%
Magic:  43/43      EV: 13    Int: 22      God:    Okawaru [*****.]
Gold:   3291       SH: 11    Dex: 17 (18) Spells: 30/58 levels left

rFire   + . .      SeeInvis +    a - +8 demon trident "Rift" {distort, reach+}
rCold   + + .      Faith    +    G - +3 buckler {AC+3}
rNeg    + + +      Spirit   .    L - +10 storm dragon scales
rPois   ∞          Reflect  .    D - +2 hat of Akops {Regen+ Dex+4}
rElec   +          Rampage  .    T - +1 cloak of Benevolence {rPois rF++ rC+ Str+3}
rCorr   .                        O - +2 pair of gloves "Umuk" {Str+5 Int+5 Dex-2}
Will    +++..                    K - +1 pair of boots of the Harvest Moon {rPois Int-3 SInv Stlth+}
Stlth   +                        v - amulet of magic regeneration
HPRegen 1.37/turn                u - ring "Zeavegeo" {rN+ Str+6 Int+3}
MPRegen 0.68/turn                N - +4 ring of protection

@: no status effects
A: cold resistance 1, negative energy resistance 3, torment resistance 2, heat
vulnerability 1, in touch with death 2, no potions, faith
0: Orb of Zot
}: 3/15 runes: decaying, abyssal, gossamer
a: Renounce Religion, Heroism, Finesse, Duel


You escaped.
You worshipped Okawaru.
Okawaru was extremely pleased with you.
You visited 11 branches of the dungeon, and saw 52 of its levels.
You visited the Abyss 2 times.
You also visited: Trove, Bailey and Desolation.

You collected 5454 gold pieces.
You spent 2163 gold pieces at shops.

Inventory:

Hand Weapons
 a - the +8 demon trident "Rift" (weapon) {distort, reach+}
   (You took it off an orc on level 5 of the Dungeon)
 b - the +8 demon blade "Leech" {evervamp, Harm Drain rN+}
   (You took it off a tengu warrior on level 8 of the Dungeon)

   rN:        It protects you from negative energy.
   Drain:     It drains your maximum health when unequipped.
   Harm:      It increases damage dealt and taken.
Missiles
 c - 53 poisoned darts
 d - 7 boomerangs of dispersal
 g - 15 boomerangs
 q - 17 curare-tipped darts
 r - 18 javelins
 t - 11 silver javelins
 Q - 2 throwing nets
Armour
 D - the +2 hat of Akops (worn) {Regen+ Dex+4}
   (Okawaru gifted it to you on level 4 of the Lair of Beasts)

   Dex:       It affects your dexterity (+4).
   Regen:     It increases your rate of health regeneration.
 G - a +3 buckler of protection (worn)
 K - the +1 pair of boots of the Harvest Moon (worn) {rPois Int-3 SInv Stlth+}
   (Okawaru gifted it to you on level 2 of the Realm of Zot)

   Int:       It affects your intelligence (-3).
   rPois:     It protects you from poison.
   SInv:      It lets you see invisible.
   Stlth:     It makes you more stealthy.
 L - +10 storm dragon scales (worn)
 O - the +2 pair of gloves "Umuk" (worn) {Str+5 Int+5 Dex-2}
   (Okawaru gifted it to you on level 3 of the Swamp)

   Str:       It affects your strength (+5).
   Int:       It affects your intelligence (+5).
   Dex:       It affects your dexterity (-2).
 P - the +1 hat of Theory {rN+}
   (You found it on level 2 of the Realm of Zot)

   rN:        It protects you from negative energy.
 T - the +1 cloak of Benevolence (worn) {rPois rF++ rC+ Str+3}
   (You found it on level 3 of the Spider Nest)

   Str:       It affects your strength (+3).
   rF:        It greatly protects you from fire.
   rC:        It protects you from cold.
   rPois:     It protects you from poison.
Jewellery
 e - the ring of Ywniack {rF+ rC+ rN+ Int+4}
   (You found it in the Desolation of Salt)

   [ring of protection from cold]

   Int:       It affects your intelligence (+4).
   rF:        It protects you from fire.
   rC:        It protects you from cold.
   rN:        It protects you from negative energy.
 p - a ring of see invisible
 u - the ring "Zeavegeo" (left hand) {rN+ Str+6 Int+3}
   (You found it in the Desolation of Salt)

   [ring of strength]

   Str:       It affects your strength (+6).
   Int:       It affects your intelligence (+3).
   rN:        It protects you from negative energy.
 v - an amulet of magic regeneration (around neck)
 N - a +4 ring of protection (right hand)
Wands
 f - a wand of flame (78)
 k - a wand of quicksilver (18)
 o - a wand of mindburst (18)
 w - a wand of iceblast (42)
 C - a wand of paralysis (8)
 F - a wand of digging (14)
 M - a wand of polymorph (1)
Scrolls
 h - 3 scrolls of immolation
 i - 4 scrolls of fear
 j - 8 scrolls of poison
 l - 25 scrolls of teleportation
 m - 3 scrolls of magic mapping
 n - a scroll of blinking
 x - 4 scrolls of amnesia
 y - 5 scrolls of fog
 z - 7 scrolls of silence
 A - a scroll of acquirement
 B - 4 scrolls of vulnerability
 E - 2 scrolls of torment
 I - a scroll of enchant weapon
Miscellaneous
 s - a phial of floods
 H - a tin of tremorstones (2/2)
 J - a lightning rod (4/4)
 R - a condenser vane


   Skills:
 - Level 21.0 Fighting
 - Level 4.1(7.0) Short Blades
 - Level 8.8(9.2) Long Blades
 - Level 17.2 Polearms
 - Level 6.0 Throwing
 - Level 20.0 Armour
 - Level 8.0 Dodging
 - Level 5.0 Stealth
 - Level 15.4 Shields
 + Level 16.9 Spellcasting
 - Level 10.0 Necromancy
 - Level 11.0 Translocations
 - Level 4.0 Air Magic
 - Level 8.0 Earth Magic
 - Level 11.0 Invocations
 - Level 9.0 Evocations


You had 30 spell levels left.
You knew the following spells:

 Your Spells              Type           Power      Damage    Failure   Level
a - Blink                 Tloc           100%       N/A       1%          2
c - Vhi's Electric Charg  Tloc/Air       100%       N/A       1%          3
d - Passwall              Tmut/Erth      30%        N/A       2%          2
e - Manifold Assault      Tloc           61%        N/A       1%          4
f - Borgnjor's Vile Clut  Necr/Erth      46%        N/A       6%          5
g - Irradiate             Conj/Tmut      9%         3d14      95%         5
h - Swiftness             Air            36%        N/A       5%          3
i - Passage of Golubria   Tloc           61%        N/A       1%          4

Your spell library contained the following spells:

 Spells                   Type           Power      Damage    Failure   Level
 Apportation              Tloc           100%       N/A       1%          1
 Kiss of Death            Conj/Necr      100%       2d13      1%          1
 Necrotise                Necr           100%       1d9       1%          1
 Sandblast                Erth           100%       2d20      1%          1
 Lesser Beckoning         Tloc           100%       N/A       1%          2
 Momentum Strike          Conj/Tloc      84%        3d10      1%          2
 Gell's Gravitas          Tloc           61%        N/A       1%          3
 Teleport Other           Tloc           61%        N/A       1%          3
 Dispel Undead            Necr           96%        3d30      1%          4
 Kindle Blastsparks       Fire/Tloc/Air  80%        2d16      3%          3
 Portal Projectile        Hex/Tloc       84%        N/A       3%          3
 Shock                    Conj/Air       100%       1d9       4%          1
 Agony                    Necr           96%        N/A       4%          5
 Stone Arrow              Conj/Erth      72%        3d11      5%          3
 Poisonous Vapours        Pois/Air       54%        N/A       6%          2
 Static Discharge         Conj/Air       54%        2-5/arc   6%          2
 Magic Dart               Conj           72%        1d6       10%         1
 Slow                     Hex            72%        N/A       10%         1
 Sting                    Tmut/Pois      72%        1d6       10%         1
 Iskenderun's Mystic Bla  Conj/Tloc      42%        2d10      10%         4
 Lee's Rapid Deconstruct  Erth           26%        3d14*     10%         5
 Anguish                  Hex/Necr       37%        N/A       12%         4
 Ensorcelled Hibernation  Hex/Ice        36%        N/A       14%         2
 Mephitic Cloud           Conj/Pois/Air  24%        N/A       16%         3
 Airstrike                Air            18%        2d(3-19)  19%         4
 Leda's Liquefaction      Hex/Erth       18%        N/A       19%         4
 Petrify                  Tmut/Erth      36%        N/A       19%         4
 Confusing Touch          Hex            18%        N/A       28%         3
 Dazzling Flash           Conj/Hex       36%        N/A       28%         3
 Hailstorm                Conj/Ice       18%        3d6       28%         3
 Ignite Poison            Fire/Tmut/Pois 18%        N/A       28%         3
 Inner Flame              Hex/Fire       18%        N/A       28%         3
 Cause Fear               Hex            9%         N/A       67%         4
 Flame Wave               Conj/Fire      18%        2d7       67%         4
 Fulminant Prism          Conj/Hex       9%         3d7       67%         4
 Olgreb's Toxic Radiance  Pois           18%        N/A       67%         4
 Sticky Flame             Conj/Fire      18%        2d4       67%         4
 Arcjolt                  Conj/Air       13%        1d23      75%         5
 Lightning Bolt           Conj/Air       13%        1d27      75%         5
 Silence                  Hex/Air        13%        N/A       75%         5
 Freezing Cloud           Conj/Ice/Air   12%        6-21      83%         5
 Alistair's Intoxication  Tmut/Pois      12%        N/A       95%         5
 Iskenderun's Battlesphe  Conj           18%        2d7       95%         5
 Metabolic Englaciation   Hex/Ice        9%         N/A       95%         5
 Iron Shot                Conj/Erth      18%        9d4       95%         6
 Eringya's Noxious Bog    Tmut/Pois      9%         N/A       100%        6
 Starburst                Conj/Fire      9%         6d5       100%        6
 Enfeeble                 Hex            9%         N/A       100%        7
 Discord                  Hex            9%         N/A       100%        8
 Disjunction              Tloc           30%        N/A       100%        8
 Ignition                 Fire           9%         3d5       100%        8
 Lehudib's Crystal Spear  Conj/Erth      18%        10d5      100%        8
 Maxwell's Capacitive Co  Air            18%        ∞         100%        8
 Shatter                  Erth           26%        3d22*     100%        9
 Sublimation of Blood     Necr           Unusable   N/A       N/A         2
 Animate Dead             Necr           Unusable   N/A       N/A         4
 Summon Small Mammal      Summ           Unusable   N/A       N/A         1
 Call Imp                 Summ           Unusable   N/A       N/A         2
 Animate Armour           Summ/Erth      Unusable   N/A       N/A         4
 Death Channel            Necr           Unusable   N/A       N/A         6
 Spider Form              Tmut/Pois      Unusable   N/A       N/A         3
 Summon Lightning Spire   Summ/Air       Unusable   N/A       N/A         4
 Ice Form                 Ice/Tmut       Unusable   N/A       N/A         4
 Simulacrum               Ice/Necr       Unusable   N/A       N/A         6
 Statue Form              Tmut/Erth      Unusable   N/A       N/A         6
 Spellforged Servitor     Conj/Summ      Unusable   N/A       N/A         7
 Storm Form               Tmut/Air       Unusable   N/A       N/A         7

Dungeon Overview and Level Annotations

Branches:
Dungeon (15/15)            Temple (1/1) D:7            Lair (5/5) D:11
  Swamp (4/4) Lair:3       Spider (4/4) Lair:2        Slime (5/5) Lair:5
    Orc (2/2) D:10            Elf (3/3) Orc:2        Vaults (4/5) D:14
  Crypt (0/3) Vaults:2     Depths (4/4) D:15            Zot (5/5) Depths:4
 Bailey (visited)         Desolation (visited)

Altars:
Ashenzari
Cheibriados
Dithmenos
Fedhas
Gozag
Hepliaklqana
Kikubaaqudgha
Makhleb
Nemelex Xobeh
Okawaru
Qazlal
Ru
Sif Muna
Trog
Uskayaw
Vehumet
Wu Jian
Xom
Yredelemnul
Jiyva
Lugonu

Shops:
D:5 [   D:6 :**(   Orc:2 :[(!   Elf:3 ?   Vaults:3 ?   Depths:2 (   Depths:4 *

Portals:
Hell: Depths:1 Depths:2 Depths:3 Depths:4
Abyss: Depths:2 Depths:3
Pandemonium: Depths:2 Depths:4
Ziggurat: Depths:1

Annotations:
D:2 exclusion: downstairs
D:9 exclusion: downstairs
Lair:2 exclusion: downstairs
Lair:5 2 exclusions
Swamp:3 exclusion: downstairs
Spider:1 exclusion: downstairs
Spider:2 exclusion: 2 downstairs
Elf:2 3 runed translucent doors
Vaults:2 1 transporter
Depths:3 1 runed translucent door
Abyss:1 Joseph; Josephina; Royal Jelly; Sigmund; Vv; epsilonplus's ghost, adept TeHu


Innate Abilities, Weirdness & Mutations

You are immune to poison.
Your flesh is cold resistant. (rC+)
You are immune to negative energy. (rN+++)
You are immune to unholy pain and torment.
You are vulnerable to heat. (rF-)
You are strongly in touch with the powers of death.
You do not drink.
You have a special connection with the divine. (Faith)


Message History

You climb upwards.
Level annotation: exclusion: downstairs
There is a stone staircase leading down here.
(D) Dungeon (T) Temple (L) Lair (S) Swamp (N) Spider Nest (M) Slime Pits (O) Orcish Mines (E) Elven Halls (V) Vaults (C) Crypt (U) Depths (H) Hell (Z) Zot
Where to? (Enter - D:1 @ (x,y), ? - help)
There is a stone staircase leading up here.
You climb upwards.
There is a stone staircase leading down here.
A Muopam and a hellwing come into view.
Here: Muopam, armed with an electric touch The floor.
Unknown command.
You miss Muopam.
The hellwing gives a chilling moan.
You impale Muopam!!
Space warps around Muopam.
You hit Muopam.
Muopam is devoured by a tear in reality.
You hit the hellwing.
Space warps around the hellwing.
You hit the hellwing but do no damage.
The hellwing hits you but does no damage.
You block the hellwing's attack.
You barely miss the hellwing. The hellwing misses you.
The hellwing hits you but does no damage.
(D) Dungeon (T) Temple (L) Lair (S) Swamp (N) Spider Nest (M) Slime Pits (O) Orcish Mines (E) Elven Halls (V) Vaults (C) Crypt (U) Depths (H) Hell (Z) Zot
Where to? (Enter - D:1 @ (x,y), ? - help)
Okay, then.
You puncture the hellwing!
Space warps around the hellwing.
You puncture the hellwing!
Space warps around the hellwing.
The hellwing closely misses you. The hellwing hits you.
You impale the hellwing!!
You kill the hellwing!
Okawaru accepts your kill.
You swing at nothing.
(D) Dungeon (T) Temple (L) Lair (S) Swamp (N) Spider Nest (M) Slime Pits (O) Orcish Mines (E) Elven Halls (V) Vaults (C) Crypt (U) Depths (H) Hell (Z) Zot
Where to? (Enter - D:1 @ (x,y), ? - help)
What level of the Dungeon? (default 1, ? - help)
There is an open door here.
There is an open door, spattered with blood here.
There is a staircase leading out of the dungeon here.
You have escaped!

#........##.# #.# #..
#.#########.# #####.###.#
##.#########.###.........#
#.....)..........###.##...
########.[.######...##...........
...........######...........##.##
.#.................###########.#
.....###.################## #.##
.##.## #.##..P#.@.#...#.P.# #...
.##.# #.##...#P..#..P#...# #.##
.##.# #.###'###'###'###'#####.#
..#.####)##...............#....#
..........#......##.......'.####
......!##.#........[......###
.##.##.##.##'###'###'###'##
..#.##.##.#...#...#..~#...#
..#.##.##.#...#P..#..P#...# #


There were no monsters in sight!

Vanquished Creatures
  4 dread liches (Zot:5)
  An orb of fire (Zot:5)
  3 Killer Klowns (Zot:5)
  6 golden dragons
  2 caustic shrikes
  Nikola (Spider:1)
  Arachne (Spider:3)
  5 tentacled monstrosities
  2 electric golems
  19 Orb Guardians (Zot:5)
  8 titans
  A deep elf blademaster (Elf:3)
  18 acid blobs
  2 deep elf master archers (Elf:3)
  3 quicksilver dragons
  4 sphinxes
  3 thorn hunters
  Kirke (Lair:3)
  15 storm dragons
  8 death cobs
  A draconian monk (Zot:1)
  3 draconian knights
  5 tengu reavers
  2 tentacled starspawn (Abyss:3)
  6 shadow dragons
  7 rockslimes
  A daeva (Depths:1)
  6 emperor scorpions
  7 azure jellies
  An iron dragon (Depths:1)
  8 fire giants
  3 draconian scorchers
  5 frost giants
  3 ghost moths
  10 deep elf sorcerers
  6 vault wardens
  2 deep elf elementalists (Elf:3)
  3 imperial myrmidons (Desolation)
  2 draconian stormcallers (Zot:1)
  3 spriggan defenders (Depths:2)
  An angel (Depths:1)
  3 cacodemons (Abyss:3)
  13 ironbound preservers
  5 quicksilver oozes
  4 draconian shifters
  A reaper (Depths:2)
  4 broodmothers
  2 draconian annihilators
  23 very ugly things
  4 ironbound thunderhulks
  5 stone giants
  3 deep elf demonologists (Elf:3)
  16 green draconians
  3 halazid warlocks
  5 black draconians
  3 eleionomae
  4 vampire knights
  5 deep elf annihilators
  7 purple draconians
  5 bunyips
  15 white draconians
  5 spark wasps
  8 yellow draconians
  A blizzard demon (Depths:1)
  14 dire elephants
  15 red draconians
  7 ettins
  An eidolon (Abyss:3)
  3 deep elf death magi (Elf:3)
  4 ragged hierophants (Desolation)
  9 fire dragons
  A green death (Zot:1)
  A shambling mangrove (Swamp:4)
  5 deep elf high priests
  4 entropy weavers
  19 hydras
  Fannar (Lair:2)
  9 great orbs of eyes
  13 yaktaur captains
  15 ice dragons
  6 rakshasas
  6 vault guards
  5 servants of whispers (Desolation)
  A hell beast (Depths:1)
  The ghost of jejorda2 the Impaler, a journeyman MfBe of Trog (D:11)
  7 peacekeepers (Desolation)
  7 jorogumos
  An anaconda (Lair:5)
  3 spriggan air magi
  The ghost of mandoloar the Thaumaturge, a journeyman GnVM of Vehumet (D:10)
  2 ogre magi (Orc:2)
  3 radroaches
  A ghost crab (Swamp:4)
  5 ironbound frosthearts
  11 centaur warriors
  6 boulder beetles
  A catoblepas (Lair:5)
  19 dancing weapons
  2 two-headed ogres
  4 death yaks
  3 alligators
  9 deep troll earth magi
  4 deep troll shamans
  A death scarab (Spider:2)
  12 tengu warriors
  3 hell hogs
  A skyshark (Lair:5)
  A spriggan berserker (Depths:2)
  10 deep elf knights
  A soul eater (Depths:1)
  A vampire mage (Depths:3)
  5 hell knights (Depths:2)
  A fire crab (shapeshifter) (Elf:2)
  A golden dragon zombie (Depths:2)
  6 iron trolls
  A wretched star (Abyss:3)
  6 pharaoh ants (Spider:2)
  5 skeletal warriors
  63 deep trolls
  5 sun moths
  3 goliath frogs (Swamp:1)
  2 spriggan druids
  An obsidian statue (Zot:5)
  2 spark wasp zombies
  2 flayed ghosts
  10 orb spiders
  5 glowing orange brains
  10 wizards
  6 bog bodies
  10 swamp dragons
  22 large abominations (Abyss:3)
  12 deep elf archers
  18 lindwurms
  14 ironbound convokers
  A harpy (Elf:1)
  2 phantasmal warriors (Depths:2)
  8 steelbarb worms
  23 deep elf pyromancers
  2 orc knights
  19 deep elf zephyrmancers
  3 necromancers
  A mana viper (shapeshifter) (Depths:2)
  9 orc sorcerers
  A worldbinder (Abyss:3)
  8 shining eyes
  34 ugly things
  2 will-o-the-wisps
  10 manticores
  30 moths of wrath
  9 cyclopes
  2 salamanders (Depths:2)
  17 wolf spiders
  21 elephants
  A guardian serpent (Desolation)
  88 slime creatures
  2 smoke demons
  12 vault sentinels
  3 eyes of devastation
  An iron dragon skeleton (Abyss:3)
  8 black mambas
  8 demonic crawlers
  6 torpor snails
  16 cane toads
  A storm dragon simulacrum (Zot:3)
  8 rime drakes
  2 unseen horrors
  A hellion (Abyss:3)
  4 kobold demonologists
  21 yaktaurs
  5 tengu conjurers
  2 ancient zymes (Abyss:3)
  8 komodo dragons
  A queen bee (shapeshifter) (Depths:1)
  8 meliai
  9 tyrant leeches
  A hellwing (D:1)
  8 trolls
  A bloated husk (Swamp:2)
  2 polar bears
  44 saltlings (Desolation)
  11 hornets
  5 raiju
  23 tarantellas
  9 blink frogs
  11 dream sheep
  2 draconian simulacra (Zot:3)
  23 jumping spiders
  A fire giant simulacrum (Depths:2)
  3 flying skulls (Abyss:3)
  2 shadows
  3 wraiths
  A vampire (D:11)
  A ynoxinul (Abyss:3)
  13 spriggans
  4 water elementals
  15 culicivoras
  5 basilisks
  23 humans
  20 yaks
  22 golden eyes
  4 fire elementals
  3 wyverns
  31 redbacks
  4 steam dragons
  10 vampire mosquitoes
  8 wargs
  14 swamp worms
  7 water moccasins
  An acid dragon (shapeshifter) (Depths:4)
  5 hell hounds (Elf:1)
  2 moth of wrath simulacra (Zot:3)
  Duvessa (D:6)
  10 swamp drakes
  19 orc warriors
  14 small abominations (Abyss:3)
  2 sky beasts (D:7)
  A black bear (Lair:1)
  An ice beast (D:6)
  15 centaurs
  An ogre (Orc:2)
  5 wolves (Lair:5)
  A boggart (Elf:1)
  5 phantoms
  9 bullfrogs
  10 kobold brigands
  A necrophage (D:14)
  5 earth elementals
  A gnoll sergeant (D:6)
  4 scorpions
  4 wights (D:9)
  Dowan (D:6)
  12 killer bees
  3 howler monkeys
  A crimson imp (D:14)
  A jelly (D:6)
  A lava snake (D:8)
  2 hounds (D:5)
  17 orc priests
  3 gnoll boudas
  Jessica (D:2)
  4 iguanas
  42 orc wizards
  25 gnolls
  9 adders
  7 shadow imps
  4 white imps
  3 ufetubi
  3 worms
  A dart slug (D:1)
  83 orcs
  7 ball pythons
  5 bats
  6 endoplasms
  6 giant cockroaches
  7 hobgoblins
  5 jackals
  32 kobolds
  2 quokkas
  4 frilled lizards
  12 goblins
  10 kobold skeletons (D:8)
  7 kobold zombies (D:8)
  5 rats
  5 briar patches
  2 starspawn tentacles (Abyss:3)
2011 creatures vanquished.

Vanquished Creatures (others)
  A wizard (Vaults:3)
  A deep elf zephyrmancer (Elf:2)
  A bloated husk (Swamp:3)
  A hornet (Swamp:4)
  A tarantella (Spider:1)
  A small abomination (Abyss:3)
  5 briar patches
  8 foxfires (Swamp:4)
  100 fungi
  105 plants
  4 starspawn tentacles (Abyss:3)
  2 withered plants (Spider:3)
230 creatures vanquished.

Grand Total: 2241 creatures vanquished

Notes
Turn   | Place    | Note
-------+----------+-------------------------------------------
     0 | D:1      | ragingrage the Mummy Warper began the quest for the Orb.
     0 | D:1      | Reached XP level 1. HP: 16/16 MP: 4/4
   164 | D:1      | Reached XP level 2. HP: 22/22 MP: 5/5
   485 | D:1      | Gained mutation: You are in touch with the powers of death.
                  | [Mummy growth]
   485 | D:1      | Reached XP level 3. HP: 20/27 MP: 7/7
   671 | D:1      | Found a faded altar of an unknown god.
  1154 | D:2      | Noticed Jessica
  1183 | D:2      | Killed Jessica
  1184 | D:2      | Reached skill level 1 in Stealth
  1184 | D:2      | Reached XP level 4. HP: 33/33 MP: 8/8
  2157 | D:3      | Reached XP level 5. HP: 38/38 MP: 9/9
  2419 | D:3      | Noticed Sigmund
  2908 | D:4      | Reached skill level 1 in Short Blades
  2978 | D:4      | Learned a level 2 spell: Blink
  3334 | D:4      | Reached XP level 6. HP: 42/44 MP: 10/10
  3496 | D:5      | Entered Level 5 of the Dungeon
  3514 | D:5      | Found a shadowy altar of Dithmenos.
  4352 | D:5      | Found Tofo's Armour Shoppe.
  4376 | D:5      | Reached XP level 7. HP: 41/51 MP: 11/11
  4529 | D:5      | Reached skill level 3 in Fighting
  4717 | D:5      | Reached skill level 4 in Fighting
  4945 | D:6      | Reached skill level 1 in Polearms
  5230 | D:6      | Found Galoarai's Assorted Antiques.
  5230 | D:6      | Found Suufep Qyeme's Book Shoppe.
  5230 | D:6      | Found Tezuyrar's Antique Weapon Shoppe.
  5234 | D:6      | Found Iqaklaog's General Store.
  5237 | D:6      | Bought a twisted iron wand for 96 gold pieces
  5237 | D:6      | Bought a scroll labelled GACKIW KIOMO for 24 gold pieces
  5237 | D:6      | Bought a scroll labelled FUREAB GIVVOQ for 24 gold pieces
  5405 | D:6      | Reached XP level 8. HP: 25/60 MP: 12/12
  5614 | D:6      | Noticed Duvessa
  5614 | D:6      | Noticed Dowan
  5622 | D:6      | Learned a level 3 spell: Mephitic Cloud
  5735 | D:6      | Reached skill level 5 in Polearms
  6711 | D:7      | Reached XP level 9. HP: 52/65 MP: 13/13
  6999 | D:7      | Found a flagged portal.
  7009 | Bailey   | Entered a bailey
  7553 | D:7      | Found a snail-covered altar of Cheibriados.
  7641 | D:7      | Found a staircase to the Ecumenical Temple.
  7650 | Temple   | Entered the Ecumenical Temple
  7865 | Temple   | Became a worshipper of Warmaster Okawaru
  8152 | D:8      | Reached * piety under Okawaru
  8197 | D:8      | Noticed a tengu warrior
  8527 | D:8      | Reached XP level 10. HP: 16/71 MP: 14/14
  8775 | D:8      | Reached ** piety under Okawaru
  8776 | D:8      | Reached skill level 10 in Polearms
  8825 | D:8      | Found an ancient bone altar of Kikubaaqudgha.
  9257 | D:9      | Learned a level 2 spell: Passwall
  9261 | D:9      | Learned a level 3 spell: Vhi's Electric Charge
  9272 | D:9      | Learned a level 4 spell: Manifold Assault
  9316 | D:9      | Noticed Joseph
  9319 | D:9      | Banished Joseph
  9434 | D:9      | Noticed a two-headed ogre
  9448 | D:9      | Killed a two-headed ogre
  9448 | D:9      | Reached *** piety under Okawaru
 10513 | D:10     | Entered Level 10 of the Dungeon
 10520 | D:10     | Reached skill level 1 in Invocations
 10523 | D:10     | Reached **** piety under Okawaru
 10849 | D:10     | Reached XP level 11. HP: 77/77 MP: 15/15
 10889 | D:10     | Found a staircase to the Orcish Mines.
 10944 | D:10     | Found a transporter.
 10945 | D:10     | Noticed mandoloar's ghost (journeyman GnVM)
 10946 | D:10     | Found a transporter.
 10959 | D:10     | Noticed a two-headed ogre
 10959 | D:10     | Noticed a two-headed ogre
 11304 | D:10     | Banished a two-headed ogre
 11573 | D:10     | Found a transporter.
 11675 | D:10     | Found a staircase to the Orcish Mines.
 11802 | D:10     | Banished a two-headed ogre
 12011 | D:10     | Found a staircase to the Orcish Mines.
 12178 | D:10     | Found a transporter.
 12218 | D:10     | Found a transporter.
 12502 | D:11     | Noticed an entropy weaver
 12508 | D:11     | Reached ***** piety under Okawaru
 12510 | D:11     | Banished an entropy weaver
 12539 | D:11     | Received a gift from Okawaru
 13232 | D:11     | Reached skill level 5 in Invocations
 13305 | D:11     | Found a staircase to the Lair.
 13414 | D:11     | Found a runed translucent gate.
 13414 | D:11     | Noticed jejorda2's ghost (journeyman MfBe)
 13415 | D:11     | Found a runed translucent gate.
 13416 | D:11     | Found a runed translucent gate.
 13448 | D:11     | Noticed a centaur warrior
 13486 | D:11     | Killed a centaur warrior
 13739 | D:12     | Noticed a red ugly thing
 13744 | D:12     | Killed a purple ugly thing
 13818 | D:12     | Identified the +6 chain mail of the Dragon {rN++ Will-
                  | Dex+3} (Okawaru gifted it to you on level 12 of the
                  | Dungeon)
 13818 | D:12     | Received a gift from Okawaru
 13819 | D:12     | Noticed a skeletal warrior
 13835 | D:12     | Banished a skeletal warrior
 13965 | D:12     | Reached XP level 12. HP: 79/83 MP: 16/16
 14260 | D:12     | Noticed a boulder beetle
 14269 | D:12     | Killed a boulder beetle
 14984 | Lair:1   | Entered Level 1 of the Lair of Beasts
 15038 | Lair:1   | Noticed a death yak
 15059 | Lair:1   | Killed a death yak
 15668 | Lair:1   | Reached skill level 1 in Throwing
 15668 | Lair:1   | Reached skill level 1 in Armour
 16024 | Lair:2   | Got the Commentary on Felsic Forces
 16097 | Lair:2   | Reached skill level 1 in Evocations
 16159 | Lair:2   | Found a hole to the Spider Nest.
 16250 | Lair:2   | Noticed a death yak
 16277 | Lair:2   | Killed a death yak
 16348 | Lair:2   | Noticed a death yak
 16348 | Lair:2   | Noticed a death yak
 16348 | Lair:2   | Noticed a death yak
 16348 | Lair:2   | Noticed a death yak
 16398 | Lair:1   | Killed a death yak
 16488 | Lair:2   | Noticed Fannar
 16508 | Lair:2   | Killed Fannar
 16668 | Lair:2   | Reached ****** piety under Okawaru
 16669 | Lair:2   | Reached skill level 5 in Fighting
 16740 | Lair:2   | Identified a scroll of acquirement
 16741 | Lair:2   | Acquired a manual of Fighting
 16787 | Lair:2   | Noticed a death yak
 16803 | Lair:1   | Killed a death yak
 16803 | Lair:1   | Received a gift from Okawaru
 17024 | Lair:2   | Banished a death yak
 17026 | Lair:2   | Banished a death yak
 17031 | Lair:2   | Banished a death yak
 17032 | Lair:2   | Gained mutation: You are strongly in touch with the powers
                  | of death. [Mummy growth]
 17032 | Lair:2   | Reached XP level 13. HP: 93/93 MP: 17/19
 17400 | Lair:3   | Noticed Kirke
 17408 | Lair:3   | Killed Kirke
 17409 | Lair:3   | Reached skill level 6 in Fighting
 17547 | Lair:3   | Found a stormy altar of Qazlal.
 17896 | Lair:3   | Reached skill level 7 in Fighting
 18896 | Lair:4   | Received a gift from Okawaru
 18983 | Lair:4   | Received a gift from Okawaru
 19039 | Lair:4   | Reached skill level 8 in Fighting
 19105 | Lair:4   | Identified the +1 robe "Uruyngil" {rN+ Will+ Dex+2}
 19133 | Lair:4   | Identified the +1 glaive "Utoceese" {elec, +Blink rF+ rCorr
                  | Stlth+} (Okawaru gifted it to you on level 4 of the Lair of
                  | Beasts)
 19133 | Lair:4   | Received a gift from Okawaru
 19317 | Lair:4   | Reached skill level 9 in Fighting
 19371 | Lair:4   | Noticed a dire elephant
 19386 | Lair:4   | Killed a dire elephant
 19387 | Lair:4   | Reached skill level 5 in Throwing
 19387 | Lair:4   | Reached skill level 5 in Armour
 19754 | Lair:5   | Entered Level 5 of the Lair of Beasts
 19760 | Lair:4   | Identified the +2 hat of Akops {Regen+ Dex+4} (Okawaru
                  | gifted it to you on level 4 of the Lair of Beasts)
 19760 | Lair:4   | Received a gift from Okawaru
 19834 | Lair:5   | Identified the ring of Oqenu {Fly Str+7}
 20025 | Lair:5   | Reached skill level 10 in Fighting
 20025 | Lair:5   | Reached XP level 14. HP: 110/110 MP: 20/20
 20055 | Lair:5   | Found a hide-covered altar of Uskayaw.
 20366 | Lair:5   | Found a staircase to the Slime Pits.
 20463 | Lair:5   | Reached skill level 11 in Fighting
 20646 | Lair:5   | Received a gift from Okawaru
 20703 | Lair:5   | Reached skill level 12 in Fighting
 21206 | D:13     | Reached skill level 1 in Shields
 21319 | D:13     | Reached skill level 13 in Fighting
 21781 | D:13     | Learned a level 3 spell: Swiftness
 21888 | Orc:1    | Entered Level 1 of the Orcish Mines
 22170 | Orc:2    | Entered Level 2 of the Orcish Mines
 22170 | Orc:2    | Found a staircase to the Elven Halls.
 23124 | Orc:2    | Found an ancient bone altar of Kikubaaqudgha.
 23137 | Orc:2    | Reached XP level 15. HP: 124/124 MP: 21/21
 23183 | Orc:2    | Found Plog's Antique Armour Shop.
 23185 | Orc:2    | Paralysed by an orc sorcerer for 2 turns
 23424 | Orc:2    | Found a radiant altar of Vehumet.
 23449 | Orc:2    | Found Qinattaez's Book Shop.
 23509 | Orc:2    | Found Wyerus's Distillery.
 23531 | Orc:2    | Found Holeysh's Antique Weapon Shop.
 23580 | Orc:2    | Bought a runed cloak for 277 gold pieces
 23580 | Orc:2    | Bought a shiny helmet for 277 gold pieces
 23580 | Orc:2    | Bought a bloodstained leather armour for 259 gold pieces
 23580 | Orc:2    | Identified the +3 leather armour "Woxub" {rCorr} (You
                  | bought it in a shop on level 2 of the Orcish Mines)
 23616 | Orc:2    | Bought a shiny chain mail for 277 gold pieces
 23957 | D:14     | Received a gift from Okawaru
 24183 | D:14     | Received a gift from Okawaru
 24250 | D:14     | Reached skill level 5 in Translocations
 24807 | D:15     | Entered Level 15 of the Dungeon
 25088 | D:15     | Received a gift from Okawaru
 25217 | D:15     | Reached skill level 5 in Shields
 25305 | D:15     | Received a gift from Okawaru
 25332 | D:15     | Found a staircase to the Depths.
 26690 | D:3      | Banished Sigmund
 26780 | D:6      | Killed Duvessa
 26785 | D:6      | Killed Dowan
 27034 | D:10     | Killed mandoloar's ghost
 27156 | D:11     | Killed jejorda2's ghost
 27156 | D:11     | Received a gift from Okawaru
 27343 | D:14     | Received a gift from Okawaru
 27875 | Lair:3   | Reached skill level 10 in Armour
 27877 | Lair:3   | Found a staircase to the Swamp.
 27886 | Swamp:1  | Entered Level 1 of the Swamp
 27939 | Swamp:1  | Noticed a thorn hunter
 27951 | Swamp:1  | Banished a thorn hunter
 28152 | Swamp:1  | Reached skill level 10 in Invocations
 28158 | Swamp:1  | Reached XP level 16. HP: 131/131 MP: 23/23
 28330 | Swamp:1  | Received a gift from Okawaru
 28661 | Swamp:2  | Identified the +1 broad axe "Mosouwer" {freeze, rCorr
                  | Int+3}
 28718 | Swamp:2  | Received a gift from Okawaru
 28927 | Swamp:2  | Identified the +8 spear "Tepp" {vamp, Str+4} (Okawaru
                  | gifted it to you on level 2 of the Swamp)
 28927 | Swamp:2  | Received a gift from Okawaru
 29409 | Swamp:3  | Noticed a thorn hunter
 29425 | Swamp:3  | Killed a thorn hunter
 29706 | Swamp:3  | Identified the +2 pair of gloves "Umuk" {Str+5 Int+5 Dex-2}
                  | (Okawaru gifted it to you on level 3 of the Swamp)
 29706 | Swamp:3  | Received a gift from Okawaru
 29718 | Swamp:3  | Reached skill level 5 in Dodging
 29990 | Swamp:4  | Entered Level 4 of the Swamp
 30346 | Swamp:4  | Reached skill level 5 in Stealth
 30368 | Swamp:4  | Noticed a thorn hunter
 30689 | Swamp:4  | Killed a thorn hunter
 30914 | Swamp:4  | Noticed a thorn hunter
 30950 | Swamp:4  | Killed a thorn hunter
 31040 | Swamp:4  | Received a gift from Okawaru
 31107 | Arena    | Entered the Arena
 31224 | Swamp:4  | Got a decaying rune of Zot
 31605 | Spider:1 | Entered Level 1 of the Spider Nest
 31605 | Spider:1 | Noticed Nikola
 31615 | Spider:1 | Killed Nikola
 31627 | Spider:1 | Reached skill level 1 in Air Magic
 31851 | Spider:1 | Reached skill level 5 in Spellcasting
 31906 | Spider:1 | Reached XP level 17. HP: 135/137 MP: 21/24
 31948 | Spider:1 | Identified the +0 ring mail of the Comet {Str+3} (Okawaru
                  | gifted it to you on level 1 of the Spider Nest)
 31948 | Spider:1 | Received a gift from Okawaru
 32905 | Spider:2 | Reached skill level 10 in Translocations
 34108 | Spider:3 | Received a gift from Okawaru
 34155 | Arena    | Entered the Arena
 34185 | Spider:2 | Received a gift from Okawaru
 34797 | Spider:3 | Reached skill level 14 in Fighting
 35411 | Spider:3 | Found a runed translucent door.
 35411 | Spider:3 | Noticed epsilonplus's ghost (adept TeHu)
 35804 | Spider:4 | Entered Level 4 of the Spider Nest
 35804 | Spider:4 | Noticed Arachne
 35836 | Spider:3 | Killed Arachne
 36372 | Spider:4 | Reached XP level 18. HP: 146/146 MP: 9/30
 38784 | Spider:4 | Got a gossamer rune of Zot
 39117 | Elf:1    | Entered Level 1 of the Elven Halls
 39195 | Elf:1    | Found a radiant altar of Vehumet.
 39207 | Elf:1    | Received a gift from Okawaru
 39221 | Elf:1    | Reached skill level 10 in Spellcasting
 39358 | Elf:1    | Learned a level 5 spell: Irradiate
 41163 | Elf:3    | Entered Level 3 of the Elven Halls
 41235 | Elf:3    | Received a gift from Okawaru
 41277 | Elf:3    | Found Rukk's Magic Scroll Shop.
 41420 | Elf:3    | Received a gift from Okawaru
 41515 | Arena    | Entered the Arena
 41762 | Elf:2    | Reached XP level 19. HP: 152/152 MP: 21/34
 42780 | Elf:2    | Found a runed translucent gate.
 42781 | Elf:2    | Found a runed translucent gate.
 42781 | Elf:2    | Found a runed translucent gate.
 43315 | Elf:3    | Got the Atlas of the Fifth Circle
 44632 | Elf:3    | Identified the +5 dire flail of the Endless Towns {flame,
                  | MP+9 Stlth+}
 45705 | Elf:3    | Identified the +6 dagger of Plague {heavy, Fly rN++ MP-9
                  | Dex+2}
 46192 | Elf:3    | Identified the +7 dagger of Contention {freeze, rPois}
 46196 | Elf:3    | Reached skill level 15 in Fighting
 46276 | Elf:3    | Received a gift from Okawaru
 46307 | Elf:3    | Identified the +2 leather armour of the Old and Reckless
                  | {rC+ Int+2}
 46541 | Elf:3    | Identified the +2 falchion of Honesty {flame, Drain *Slow
                  | rN+++ Dex+8}
 46542 | Abyss:3  | Cast into level 3 of the Abyss (a deep elf sorcerer)
 46634 | Abyss:3  | Reached skill level 15 in Armour
 46655 | Abyss:3  | Found a corrupted altar of Lugonu.
 46706 | Abyss:3  | Received a gift from Okawaru
 46772 | Elf:3    | Escaped the Abyss
 46906 | Elf:3    | Received a gift from Okawaru
 47015 | Elf:3    | Got the Precepts of Accompaniment and Bad Luck
 47485 | Spider:3 | Banished epsilonplus's ghost
 47487 | Spider:3 | Identified the amulet of Ipajoyps {Faith rPois Will+ rCorr}
 47489 | Spider:3 | Identified the +1 cloak of Benevolence {rPois rF++ rC+
                  | Str+3}
 47769 | D:5      | Bought a +4 plate armour of willpower for 550 gold pieces
 48040 | D:14     | Found a gate to the Vaults.
 48055 | D:14     | Identified the +6 trident of Furiz {heavy, rN+ Str+5 Int-5}
                  | (Okawaru gifted it to you on level 14 of the Dungeon)
 48055 | D:14     | Received a gift from Okawaru
 48201 | Vaults:1 | Entered Level 1 of the Vaults
 48347 | Vaults:1 | Found a crumbling gateway.
 48492 | Desolati | Entered the Desolation of Salt
 48512 | Desolati | Reached XP level 20. HP: 162/163 MP: 27/35
 48661 | Arena    | Entered the Arena
 48664 | Arena    | Received a gift from Okawaru
 48846 | Desolati | Identified the ring of Ywniack {rF+ rC+ rN+ Int+4}
 48862 | Desolati | Identified the +2 pair of gloves of the Pleiades {rPois rN+
                  | MP+9 Dex-4}
 49022 | Desolati | Received a gift from Okawaru
 49142 | Desolati | Reached skill level 16 in Fighting
 49348 | Desolati | Received a gift from Okawaru
 49412 | Desolati | Identified the ring "Zeavegeo" {rN+ Str+6 Int+3}
 49435 | Desolati | Got the Octavo of the Floating Missiles
 49529 | Desolati | Identified the +4 ring mail "Pim Zis" {rC+ rN++}
 50793 | Vaults:1 | You are sucked into a shaft and drop 1 floor!
 51680 | Vaults:2 | Received a gift from Okawaru
 52057 | Vaults:2 | Found a transporter.
 52058 | Vaults:2 | Found a radiant altar of Vehumet.
 53125 | Vaults:2 | Found a staircase to the Crypt.
 53651 | Vaults:3 | Reached skill level 5 in Evocations
 54165 | Vaults:3 | Received a gift from Okawaru
 54171 | Vaults:3 | Reached XP level 21. HP: 50/172 MP: 9/38
 54526 | Vaults:3 | Received a gift from Okawaru
 54613 | Vaults:3 | Reached skill level 17 in Fighting
 54694 | Vaults:3 | Received a gift from Okawaru
 54853 | Vaults:3 | Received a gift from Okawaru
 55882 | Vaults:3 | Found Mati's Magic Scroll Shop.
 55889 | Vaults:3 | Bought a scroll of teleportation for 42 gold pieces
 57414 | Vaults:4 | Reached skill level 15 in Spellcasting
 57419 | Vaults:4 | Received a gift from Okawaru
 57676 | Vaults:4 | Received a gift from Okawaru
 58397 | Vaults:4 | Reached skill level 18 in Fighting
 58748 | Depths:1 | Entered Level 1 of the Depths
 58985 | Depths:1 | Found a one-way gateway to a ziggurat.
 59081 | Depths:1 | Reached XP level 22. HP: 115/185 MP: 7/41
 59407 | Depths:1 | Found an ancient bone altar of Kikubaaqudgha.
 59487 | Depths:1 | Found a gateway to Hell.
 60014 | Depths:1 | Received a gift from Okawaru
 60085 | Depths:2 | Found a one-way gate leading to the halls of Pandemonium.
 60205 | Depths:2 | Reached skill level 19 in Fighting
 61035 | Depths:2 | Noticed a caustic shrike
 61376 | Depths:2 | Noticed a caustic shrike
 61386 | Depths:2 | Noticed a caustic shrike
 61394 | Depths:2 | Killed a caustic shrike
 61394 | Depths:2 | Received a gift from Okawaru
 61477 | Arena    | Entered the Arena
 61486 | Arena    | Killed a caustic shrike
 61784 | Depths:2 | Found Hiph's Weapon Emporium.
 63007 | Depths:2 | Identified the +1 demon whip "Remenavo" {drain, rN+}
 63046 | Depths:2 | Found a one-way gate to the infinite horrors of the Abyss.
 63161 | Depths:3 | Reached skill level 20 in Fighting
 63367 | Depths:3 | Found a corrupted altar of Lugonu.
 63500 | Depths:3 | Learned a level 5 spell: Borgnjor's Vile Clutch
 63699 | Depths:3 | Reached skill level 1 in Necromancy
 63835 | Depths:3 | Found a runed translucent door.
 63841 | Depths:3 | Found a runed translucent door.
 63841 | Depths:3 | Noticed a juggernaut
 63956 | Depths:3 | Reached skill level 1 in Earth Magic
 64247 | Depths:3 | Noticed a juggernaut
 64247 | Depths:3 | Noticed a golden dragon
 64327 | Depths:4 | Entered Level 4 of the Depths
 64366 | Depths:3 | Banished a caustic shrike
 65279 | Depths:4 | Identified the -1 pair of gloves of Valour {rC+ rCorr}
                  | (Okawaru gifted it to you on level 4 of the Depths)
 65279 | Depths:4 | Received a gift from Okawaru
 65533 | Depths:4 | Found Ynupih's Assorted Antiques.
 65565 | Depths:4 | Found a portal to a secret trove of treasure.
 65642 | Depths:4 | Reached XP level 23. HP: 195/198 MP: 29/42
 66820 | Depths:4 | Found a gate to the Realm of Zot.
 67380 | Slime:1  | Entered Level 1 of the Pits of Slime
 67963 | Slime:1  | Reached skill level 5 in Necromancy
 69392 | Slime:2  | Reached skill level 5 in Earth Magic
 70361 | Slime:5  | Entered Level 5 of the Pits of Slime
 70372 | Slime:5  | Reached skill level 21 in Fighting
 70523 | Slime:3  | Received a gift from Okawaru
 70833 | Slime:5  | Reached skill level 5 in Long Blades
 70841 | Slime:5  | Noticed the Royal Jelly
 71164 | Slime:4  | Received a gift from Okawaru
 71871 | Slime:5  | Found a viscous altar of Jiyva.
 71895 | Slime:5  | Found the +8 mithril axe "Arga" {speed, Will+}
 71920 | Slime:5  | Banished the Royal Jelly
 73165 | Depths:2 | Voluntarily entered the Abyss.
 73172 | Abyss:3  | Banished the Royal Jelly
 73477 | Abyss:3  | Reached XP level 24. HP: 161/208 MP: 38/42
 73534 | Abyss:3  | Got an abyssal rune of Zot
 73561 | Depths:2 | Escaped the Abyss
 73721 | Zot:1    | Entered Level 1 of the Realm of Zot
 74974 | Zot:1    | Received a gift from Okawaru
 75084 | Zot:1    | Noticed a Killer Klown
 75090 | Zot:1    | Banished a Killer Klown
 75148 | Zot:1    | Got the Catalogue of Gaseous Topomancy
 76149 | Vaults:3 | Bought a scroll of enchant armour for 105 gold pieces
 76149 | Vaults:3 | Bought a scroll of magic mapping for 105 gold pieces
 76519 | Elf:3    | Bought a scroll of enchant armour for 127 gold pieces
 76915 | Depths:4 | You paid a toll of +2 storm dragon scales to enter a
                  | treasure trove
 76916 | Trove    | Entered a treasure trove
 76930 | Trove    | Got Sif Muna's Spellbook of Portals
 76933 | Trove    | Got the Anthology of the Queen Bee and Dislocation
 76945 | Trove    | Got Sif Muna's Codex of Peregrination and Hexes
 76954 | Trove    | Got Sif Muna's Textbook on the Pneumatic Morgue
 77017 | Depths:4 | Learned a level 4 spell: Passage of Golubria
 77462 | Zot:2    | Noticed an orb of fire
 77477 | Zot:2    | Banished an orb of fire
 77487 | Arena    | Entered the Arena
 77694 | Zot:1    | Reached skill level 10 in Shields
 78116 | Zot:2    | Reached XP level 25. HP: 167/214 MP: 30/42
 78234 | Zot:2    | Identified the +1 pair of boots of the Harvest Moon {rPois
                  | Int-3 SInv Stlth+} (Okawaru gifted it to you on level 2 of
                  | the Realm of Zot)
 78234 | Zot:2    | Received a gift from Okawaru
 78422 | Zot:2    | Noticed a Killer Klown
 78447 | Zot:2    | Banished a Killer Klown
 78495 | Zot:2    | Identified the +1 hat of Theory {rN+}
 79229 | Zot:3    | Identified the ring of Joryl {Ice Drain +Blink Str+3 SInv}
 79229 | Zot:3    | Noticed Josephina
 79296 | Zot:3    | Banished Josephina
 79297 | Zot:3    | Reached skill level 10 in Necromancy
 79478 | Arena    | Entered the Arena
 79528 | Zot:3    | You fall into a shaft and drop 1 floor!
 79760 | Zot:3    | Noticed Vv
 79779 | Zot:3    | Banished Vv
 81243 | Zot:5    | Entered Level 5 of the Realm of Zot
 82142 | Zot:5    | Reached skill level 15 in Polearms
 82338 | Zot:5    | Noticed a Killer Klown
 82342 | Zot:5    | Noticed a Killer Klown
 82342 | Zot:5    | Noticed a dread lich
 82360 | Zot:5    | Banished a Killer Klown
 82375 | Zot:5    | Banished a Killer Klown
 82892 | Zot:5    | Noticed a Killer Klown
 82902 | Zot:5    | Killed a Killer Klown
 83210 | Zot:5    | Noticed a dread lich
 83233 | Zot:5    | Killed a dread lich
 83233 | Zot:5    | Received a gift from Okawaru
 83301 | Zot:5    | Killed a dread lich
 83334 | Zot:5    | Noticed a dread lich
 83339 | Zot:5    | Banished a dread lich
 83350 | Zot:5    | Noticed a Killer Klown
 83470 | Zot:5    | Killed a Killer Klown
 83545 | Zot:5    | Reached XP level 26. HP: 222/222 MP: 36/43
 83909 | Zot:5    | Noticed an ancient lich
 83914 | Zot:5    | Noticed a dread lich
 83914 | Zot:5    | Noticed an orb of fire
 83918 | Zot:5    | Noticed an orb of fire
 83918 | Zot:5    | Noticed an orb of fire
 83918 | Zot:5    | Noticed an orb of fire
 84466 | Zot:5    | Killed a dread lich
 84494 | Zot:5    | Reached skill level 15 in Shields
 84643 | Zot:5    | Killed an orb of fire
 84753 | Zot:5    | Noticed a dread lich
 84763 | Zot:5    | Killed a dread lich
 84992 | Zot:5    | Banished an orb of fire
 85224 | Zot:5    | Banished an orb of fire
 85329 | Zot:5    | Banished an ancient lich
 85561 | Zot:5    | Banished an orb of fire
 85717 | Zot:5    | Got the Orb of Zot
 86118 | D:9      | Noticed Kunedael the pandemonium lord
 86140 | D:7      | Noticed Geasmuid the pandemonium lord
 86229 | D:1      | Noticed Muopam the pandemonium lord
 86231 | D:1      | Banished Muopam the pandemonium lord
 86267 | D:$      | Escaped with the Orb!

Illustrated notes

Levels and vault maps discovered:
D:1:      dpeg_arrival_prison, layout_loops_ring,
          hellmonk_ecumenical_altar_leap_of_faith
D:2:      layout_rooms, chequers_serial_rivers_micro_a,
          kennysheep_pointless_box, nrook_loot_triangle,
          kennysheep_jessica_study
D:3:      layout_loops_cross, uniq_jessica, uniq_sigmund
D:4:      layout_basic, st_stairs_1, feat_on_display
D:5:      layout_basic, nicolae_dithmenos_the_darkroom, serial_shops,
          nicolae_shop_crystal, chequers_garden, minmay_misc_feat_pillars,
          grunt_decor_junction
D:6:      minmay_angry_zag, layout_layer_cave, minmay_misc_feat_rows,
          minmay_shop_grid_forest, nicolae_benzene_ring, uniq_duvessa
D:7:      layout_basic, cheibrodos_worm_habitat,
          minmay_temple_entry_drinking_statues, enter_bailey_6
D:8:      wander_kiku_kobolds, layout_cave_pools, minmay_liquid_box,
          kennysheep_island_fort
D:9:      layout_irregular_city, kennysheep_generic_room_6, uniq_joseph
D:10:     layout_roguey, erik_orc_4, gammafunk_ghost_arena,
          reono_crystal_passage
D:11:     layout_irregular_city, david_lair_shrubbed, biasface_ghost_orc_armoury
D:12:     layout_loops_ring, serial_rivers, chequers_serial_rivers_micro_a,
          chequers_serial_rivers_micro_a, chequers_serial_rivers_small_a,
          chequers_serial_rivers_large_a, chequers_serial_rivers_small_a,
          chequers_serial_rivers_room_a
D:13:     layout_roguey
D:14:     layout_roguey, grunt_vaults_entry_tiered, kennysheep_nondescript,
          hangedman_stone_soup
D:15:     grunt_enter_depths_hoard, layout_rooms, serial_bayou_lagoon_a,
          hangedman_cracks_in_the_wall
Temple:   nicolae_temple_bog_church
Lair:1:   layout_hall_layers
Lair:2:   layout_roguey, spider_nest_entry_webs, enter_volcano_1, uniq_fannar
Lair:3:   layout_gridlike, nicolae_swamp_entry_splash_gauntlet, basic_altar,
          grunt_megastairs_1, infiniplex_staircase_pool_2, uniq_kirke
Lair:4:   mu_elephants_graveyard, layout_cellular_growth,
          chequers_serial_rivers_room_b
Lair:5:   guppyfry_lair_end_dragon, layout_hall_layers,
          hangedman_lair_in_review, dpeg_slime_entry_enclosed, basic_altar
Swamp:1:  layout_basic_swamp, hangedman_swamp_ruin_hall
Swamp:2:  layout_basic_swamp, evilmike_swamp_ruin_house_3, swamp_pool1
Swamp:3:  layout_basic_swamp, nicolae_swamp_some_circles
Swamp:4:  swamp, layout_basic_swamp, infiniplex_staircase_pool
Spider:1: nicolae_spider_brood_tunnel, nicolae_spider_world_wide_web,
          uniq_nikola
Spider:2: nicolae_spider_hilbert_zone_7 [nicolae_spider_hilbert_4_sides_1_open,
          nicolae_spider_hilbert_4_sides_1_open,
          nicolae_spider_hilbert_4_sides_1_open,
          nicolae_spider_hilbert_4_sides_1_open,
          nicolae_spider_hilbert_3_sides_1_open,
          nicolae_spider_hilbert_3_sides_1_open,
          nicolae_spider_hilbert_3_sides_1_open,
          nicolae_spider_hilbert_3_sides_1_open,
          nicolae_spider_hilbert_4_sides_1_open,
          nicolae_spider_hilbert_4_sides_1_open,
          nicolae_spider_hilbert_4_sides_1_open,
          nicolae_spider_hilbert_2_sides_1_open,
          nicolae_spider_hilbert_2_sides_1_open,
          nicolae_spider_hilbert_2_sides_1_open,
          nicolae_spider_hilbert_2_sides_1_open,
          nicolae_spider_hilbert_2_sides_1_open,
          nicolae_spider_hilbert_2_sides_1_open]
Spider:3: layout_spider_delve, gammafunk_ghost_grave,
          nicolae_spider_some_kinda_spiderbox
Spider:4: grunt_spider_rune_island, nicolae_spider_nooks_and_crannies,
          uniq_arachne
Slime:1:  layout_caves
Slime:2:  cheibrodos_slime_lost_civilization_2, layout_caves
Slime:3:  layout_caves
Slime:4:  cheibrodos_slime_lost_civilization_3, layout_caves
Slime:5
Orc:1:    layout_caves
Orc:2:    kennysheep_orc_mage_school, layout_caves, mines2_lemuel
Elf:1:    eino_elf_arrival_altar, layout_geoelf_grid, special_room
          [special_room_mythical_zoo], hangedman_elf_disciples
Elf:2:    nicolae_elf_blades_crystal_corner, layout_onion_city, serial_glass,
          glass_columns_a, glass_columns_c
Elf:3:    minmay_elf_hall_curves, layout_loops_corners, serial_shops, shop,
          minivault_25_ag, serial_sigils_hangedman_snap
Vaults:1: portal_desolation_entry_nicolae_slug, vaults_room_door_ring,
          v_rooms_2, hangedman_vaults_restitches,
          nicolae_vaults_network_periphery, grunt_vaults_hallway_short,
          nicolae_vaults_three_branches, layout_vaults_omnigrid
Vaults:2: vaults_standard_mumra_enter_the_diamond, gammafunk_sealed_library,
          vaults_standard_mumra_enter_the_diamond, nicolae_vaults_alarming,
          hangedman_vaults_stretched_pinwheel, layout_vaults_big_room
Vaults:3: vaults_room_fancy_cross, vaults_room_grunt_arrival_ludios,
          vaults_standard_mumra_enter_the_diamond,
          nicolae_vaults_inception_network, vaults_standard_mumra_lines,
          vaults_room_ringed_pool, hangedman_vaults_pinch,
          hangedman_vaults_corner_blocks, v_pattern_5,
          nicolae_vaults_border_crossing, layout_vaults_omnibox, serial_shops,
          nicolae_shop_competitors_out_of_business
Vaults:4: nicolae_vaults_network_quinsquares
          [nicolae_vaults_network_quincunx_subvault,
          nicolae_vaults_network_quincunx_subvault,
          nicolae_vaults_network_quincunx_subvault,
          nicolae_vaults_network_quincunx_subvault], st_cells, v_alt_pattern_6,
          grunt_vaults_hallway_short, ontoclasm_vaults_idyll, v_misc_15,
          grunt_vaults_funnel, vaults_room_door_ring, layout_vaults_ring
Depths:1: layout_basic, enter_ziggurat_d, serial_corexii_hall,
          corexii_hall_statues_deadend, corexii_hall_statues_deadend,
          grunt_mini_vestibule, nicolae_elyvilon_temple_path,
          lemuel_zombie_altar_kikubaaqudgha
Depths:2: minmay_slanted_spiral_squares, layout_basic, hellmouth_1,
          serial_shops, nicolae_shop_bloodbath_and_beyond, pan_entry,
          abyss_entry_small_statue_room, hangedman_abyss_or_decor_lesser_grid
Depths:3: thingy_vault_2, layout_gridville, serial_bayou_shore_b,
          abyss_entry_flame_altar, pf_vacation_house_of_asmodeus,
          serial_bayou_pond_e
Depths:4: grunt_zot_entry_alcove, layout_twisted_cross, pan_entry, hell_entry,
          serial_shops, nicolae_shop_behind_doors, nicolae_trove_entry_columns,
          hangedman_decor_points, minmay_strange_pillars
Zot:1:    minmay_elemental_castle, layout_misc_corridors, hangedman_zot_spectrum
Zot:2:    nicolae_moth_party, layout_onion_interference, grunt_megastairs_2
Zot:3:    layout_onion_interference, grunt_megastairs_5, uniq_vv, uniq_josephina
Zot:4:    layout_twisted_circle
Zot:5:    layout_twisted_circle

Skill      XL: |  1  2  3  4  5  6  7  8  9 10 11 12 13 14 15 16 17 18 19 20 21 22 23 24 25 26 |
---------------+-------------------------------------------------------------------------------+-----
Long Blades    | 2 3 4 8 |  8.8
Stealth        | 1 2 3 5 |  5.0
Short Blades   | 2 4 |  4.1
Fighting       | 4 5 10 13 14 15 16 18 20 21 | 21.0
Polearms       | 3 6 9 12 13 14 15 17 | 17.2
Invocations    | 2 6 9 10 11 | 11.0
Throwing       | 2 5 6 |  6.0
Armour         | 2 5 8 10 11 13 15 17 20 | 20.0
Evocations     | 2 4 5 9 |  9.0
Translocations | 4 6 9 10 11 | 11.0
Shields        | 3 5 9 10 14 15 | 15.4
Dodging        | 2 4 6 8 |  8.0
Spellcasting   | 4 5 8 11 13 15 16 | 16.9
Air Magic      | 2 4 |  4.0
Necromancy     | 3 6 9 10 | 10.0
Earth Magic    | 2 5 8 |  8.0

Action                     |  1- 3 |  4- 6 |  7- 9 | 10-12 | 13-15 | 16-18 | 19-21 | 22-24 | 25-27 || total
---------------------------+-------+-------+-------+-------+-------+-------+-------+-------+-------++-------
  Melee: Falchion          |   138 |    68 |    11 |       |       |       |       |       |       ||   217
         Punch             |     1 |     2 |     2 |     3 |     6 |       |       |       |       ||    14
         Dagger            |       |   168 |    15 |       |       |       |       |       |       ||   183
         Demon trident     |       |       |   241 |   481 |  1215 |  1786 |  2094 |  2737 |  1039 ||  9593
   Fire: Arbalest          |       |    13 |     8 |       |       |       |       |       |       ||    21
  Throw: Stone             |    14 |     7 |     6 |       |       |       |       |       |       ||    27
         Boomerang         |     3 |       |     1 |    10 |    12 |     4 |     4 |     9 |       ||    43
         Dart              |       |     8 |     3 |    34 |    21 |    27 |       |       |       ||    93
         Throwing net      |       |       |       |       |       |       |       |     3 |       ||     3
         Javelin           |       |       |       |       |       |       |       |     6 |       ||     6
   Cast: Manifold Assault  |       |       |       |       |       |   200 |   441 |   622 |   307 ||  1570
         Vhi's Electric Ch |       |       |       |       |       |       |       |     1 |       ||     1
         Borgnjor's Vile C |       |       |       |       |       |       |       |     1 |    16 ||    17
 Invoke: Heroism           |       |       |       |     2 |     6 |     4 |     5 |     6 |     1 ||    24
         Finesse           |       |       |       |       |     1 |     2 |     5 |     7 |     2 ||    17
         Duel              |       |       |       |       |       |     3 |     1 |     2 |     1 ||     7
  Evoke: Wand              |       |       |     3 |     3 |     3 |       |     5 |     4 |     5 ||    23
         Tin of tremorston |       |       |       |       |       |       |     4 |     5 |     1 ||    10
    Use: Scroll            |       |     3 |     4 |     8 |     4 |     6 |     4 |    15 |     8 ||    52
   Stab: Confused          |       |       |     1 |       |       |       |       |       |       ||     1
         Distracted        |       |       |     1 |     4 |     1 |       |     5 |       |     1 ||    12
         Sleeping          |       |       |     9 |     2 |       |     1 |       |       |       ||    12
         Held in net/web   |       |       |       |       |       |       |       |     2 |       ||     2
 Armour: Leather armour    |    36 |    30 |    17 |    26 |       |       |       |       |       ||   109
         Ring mail         |       |    33 |    15 |       |       |       |       |       |       ||    48
         Scale mail        |       |       |       |    38 |   156 |       |       |       |       ||   194
         Chain mail        |       |       |       |       |   118 |   576 |       |       |       ||   694
         Robe              |       |       |       |       |     3 |       |       |       |       ||     3
         Fire dragon scale |       |       |       |       |       |    46 |    52 |       |       ||    98
         Plate armour      |       |       |       |       |       |       |   263 |   411 |       ||   674
         Storm dragon scal |       |       |       |       |       |       |       |   131 |   258 ||   389
  Dodge: Dodged            |    72 |   120 |    89 |    94 |   197 |   443 |   214 |   353 |   161 ||  1743
  Block: Buckler           |       |       |       |       |    93 |   247 |   240 |   343 |   134 ||  1057
         Reflection        |       |       |       |       |       |       |    30 |     6 |       ||    36

Table legend: (Time is in decaauts)
 A = Elapsed time spent in this place.
 B = Non-inter-level travel time spent in this place.
 C = Inter-level travel time spent in this place.
 D = Time resting spent in this place.
 E = Time spent auto-exploring this place.
 F = Levels seen in this place.
 G = Mean time per level.
                   A        B        C        D        E       F      G
               +--------+--------+--------+--------+--------+-----+--------+
         Total |  83424 |  74752 |   8672 |  21747 |  38930 |  64 | 1303.5 |
       Dungeon |  21251 |  17902 |   3349 |   4090 |  10164 |  15 | 1416.7 |
        Temple |    235 |    197 |     38 |      0 |    176 |   1 |  235.0 |
          Lair |   6878 |   5442 |   1436 |    784 |   3569 |   5 | 1375.6 |
         Swamp |   3470 |   3092 |    378 |    613 |   1720 |   4 |  867.5 |
   Spider Nest |   7213 |   6770 |    443 |   2744 |   2672 |   4 | 1803.2 |
    Slime Pits |   4366 |   4191 |    175 |   1496 |   2106 |   5 |  873.2 |
  Orcish Mines |   1818 |   1590 |    228 |    313 |    821 |   2 |  909.0 |
   Elven Halls |   7920 |   7358 |    562 |   3613 |   2714 |   3 | 2640.0 |
        Vaults |   9580 |   8715 |    865 |   1340 |   6286 |   4 | 2395.0 |
        Depths |   8653 |   7854 |    799 |   3176 |   3460 |   4 | 2163.2 |
           Zot |  10167 |   9771 |    396 |   3418 |   4381 |   5 | 2033.4 |
         Abyss |    374 |    374 |      0 |      0 |     59 |   2 |  187.0 |
         Trove |     87 |     87 |      0 |      0 |     61 |   1 |   87.0 |
        Bailey |    240 |    240 |      0 |      1 |    152 |   1 |  240.0 |
    Desolation |   1010 |   1010 |      0 |     79 |    588 |   1 | 1010.0 |
         Arena |    154 |    154 |      0 |     73 |      0 |   7 |   22.0 |
               +--------+--------+--------+--------+--------+-----+--------+

Top non-repeatable levels by time:
   Elf:3: 4449 daAuts
   Zot:5: 4141 daAuts
Vaults:3: 2859 daAuts
Depths:2: 2815 daAuts
   Zot:1: 2648 daAuts
    D:10: 2573 daAuts
Spider:4: 2395 daAuts
Vaults:2: 2334 daAuts
Vaults:1: 2223 daAuts
Spider:3: 2212 daAuts
Vaults:4: 2163 daAuts
     D:6: 2099 daAuts
   Elf:1: 2075 daAuts
Depths:4: 2043 daAuts
Depths:3: 1984 daAuts
